Map: Cactus Valley LE (Void)

Players

Player1 (Seed)

  • Race: Protoss Protoss

Player4 (GuMiho) - Winner!

  • Race: Terran Terran

Event: Team Gravity's Fight Night #13

VOD

https://www.youtube.com/watch?v=8zqqsS00DPA&list=PL_BOlLcv8KbhFbvTakl6AYJq-DW01oMw_

Description

Time

  • Played on: April 5, 2015, 8:20 p.m.
  • Length: 11:30

All games in this series

Show
View Real Time Build Order
Export as new Build Order

Player1 Protoss 

Build Orders: 1 Gate Expand, Oracle Opening, Oracle Opening, Zealot Archon 

Get SALT Encoding   

  12  0:01  Probe  
  13  0:14  Pylon  
  13  0:17  Probe  
  14  0:32  Probe (Chrono Boost)  
  14  0:35  Gateway  
  16  0:44  Probe (Chrono Boost)  
  16  0:50  Probe (Chrono Boost)  
  17  1:01  Probe  
  18  1:12  Nexus  
  18  1:16  Probe  
  19  1:24  Assimilator  
  19  1:29  Cybernetics Core  
  20  1:32  Probe  
  20  1:40  Pylon  
  20  1:45  Probe (Chrono Boost)  
  21  1:48  Assimilator  
  22  1:55  Probe (Chrono Boost)  
  22  2:02  Probe (Chrono Boost)  
  22  2:06  Warp Gate  
  23  2:12  Probe (Chrono Boost)  
  23  2:14  Adept (Chrono Boost)  
  26  2:19  Probe  
  27  2:25  Probe  
  27  2:34  Mothership Core  
  29  2:45  Probe  
  29  2:55  Probe (Chrono Boost)  
  29  2:58  Probe (Chrono Boost)  
  31  3:05  Stargate  
  32  3:06  Probe (Chrono Boost)  
  32  3:08  Probe (Chrono Boost)  
  33  3:13  Probe (Chrono Boost)  
  33  3:15  Probe (Chrono Boost)  
  36  3:27  Probe (Chrono Boost)  
  36  3:30  Probe (Chrono Boost)  
  37  3:34  Probe (Chrono Boost), Pylon  
  37  3:36  Probe (Chrono Boost), Assimilator  
  37  3:37  Assimilator  
  38  3:44  Probe  
  38  3:47  Oracle (Chrono Boost)  
  38  3:48  Probe  
  43  3:56  Probe  
  43  4:00  Probe  
  44  4:09  Probe (Chrono Boost)  
  45  4:12  Probe (Chrono Boost)  
  45  4:14  Gateway x2  
  45  4:15  Gateway  
  46  4:18  Oracle (Chrono Boost)  
  46  4:19  Forge  
  46  4:21  Probe (Chrono Boost)  
  51  4:24  Probe (Chrono Boost), Pylon  
  51  4:30  Probe (Chrono Boost)  
  52  4:42  Probe x2  
  54  4:46  Oracle  
  57  5:04  Probe x2, Protoss Ground Armor Level 1 (Chrono Boost)  
  59  5:07  Twilight Council  
  59  5:16  Probe  
  59  5:19  Nexus  
  59  5:20  Pylon  
  60  5:24  Pylon  
  60  5:32  Gateway  
  60  5:33  Gateway  
  60  5:34  Gateway  
  60  5:36  Gateway  
  60  5:39  Probe x2 (Chrono Boost)  
  62  5:49  Probe x2 (Chrono Boost)  
  64  5:51  Templar Archives  
  64  5:56  Probe x2  
  66  6:08  Probe x2  
  68  6:11  Charge (Chrono Boost)  
  68  6:20  Probe x2, Adept x3  
  76  6:32  Probe  
  68  6:35  Adept  
  68  6:36  Probe  
  68  6:38  Pylon  
  68  6:39  Pylon  
  69  6:46  Probe x2  
  71  6:48  Phoenix (Chrono Boost)  
  71  6:51  High Templar x2  
  77  6:56  Probe  
  77  6:59  Archon  
  77  7:00  Probe  
  74  7:03  Probe  
  74  7:05  Stalker x2  
  72  7:16  Adept  
  72  7:17  Adept x3  
  72  7:19  Probe x2  
  72  7:20  Probe  
  81  7:27  Stalker x2  
  85  7:35  Assimilator  
  85  7:36  Phoenix (Chrono Boost)  
  85  7:43  Gateway, Zealot x4, Assimilator  
  93  7:44  Gateway  
  93  7:51  Zealot x2  
  93  7:56  Phoenix  
  97  8:03  Zealot x3  
  96  8:09  Zealot x3  
  82  8:15  Zealot x2  
  87  8:41  Stalker x2  
  89  8:54  High Templar x4  
  97  9:01  Zealot  
  97  9:02  Zealot  
  88  9:05  Archon x2  
  82  9:16  Zealot x2  
  82  9:17  Zealot x2  
  86  9:23  Probe x3  
  77  9:28  High Templar  
  77  9:29  High Templar x3  
  77  9:30  Adept x2  
  89  9:35  Archon x2  
  89  9:37  Unknown  
  89  9:40  Adept  
  89  9:41  Adept x3  
  89  9:44  Pylon  
  89  9:45  Pylon  
  97  9:46  Pylon x2  
  97  9:47  Forge, Pylon  
  77  10:08  Adept  
  77  10:09  Adept x7  
  77  10:10  Adept x2  
  85  10:15  Phoenix (Chrono Boost)  
  59  10:38  High Templar x4  
  59  10:39  Adept x2  
  59  10:40  Adept x4  
  75  10:44  Archon  
  75  10:45  Archon  
  75  11:02  Zealot x5  
  65  11:14  Zealot, High Templar x2  
  65  11:15  Zealot  
  67  11:20  Archon  
Show
View Real Time Build Order
Export as new Build Order

Player4 Terran - Winner!

Build Orders: Reaper Expand, Bio Cyclone, MMM Bio 

Get SALT Encoding   

  12  0:01  SCV  
  13  0:13  SCV  
  14  0:17  Supply Depot  
  14  0:25  SCV  
  15  0:39  SCV  
  15  0:40  Barracks  
  16  0:48  Refinery  
  16  0:51  SCV  
  17  1:03  SCV  
  18  1:15  SCV  
  19  1:28  Orbital Command  
  19  1:30  Reaper  
  20  1:40  Command Center  
  20  1:50  Supply Depot  
  20  1:54  SCV  
  21  2:02  Reaper  
  21  2:07  SCV, Barracks  
  23  2:18  Barracks  
  23  2:20  SCV  
  24  2:28  Refinery  
  24  2:32  SCV  
  25  2:44  Barracks Reactor, SCV  
  26  2:56  SCV  
  26  3:00  Orbital Command  
  26  3:04  Marine  
  27  3:07  Marine  
  27  3:09  SCV  
  29  3:18  Supply Depot  
  29  3:21  SCV, Marine x2  
  29  3:25  Barracks Tech Lab x2  
  29  3:27  SCV  
  33  3:32  Factory  
  33  3:33  SCV  
  34  3:39  SCV, Marine x2  
  34  3:41  Supply Depot  
  37  3:45  SCV, Marauder x2  
  37  3:47  Stimpack  
  42  3:53  SCV  
  43  3:56  Combat Shields  
  43  3:57  SCV  
  43  3:58  Marine  
  43  3:59  Marine  
  46  4:04  Engineering Bay  
  46  4:05  SCV  
  46  4:08  Marine x2  
  48  4:16  Marine x2  
  49  4:17  Starport  
  49  4:22  Factory Reactor  
  49  4:23  SCV x2  
  52  4:28  Supply Depot, Refinery  
  52  4:29  Marine x2  
  54  4:35  Marine  
  54  4:36  Marine  
  54  4:37  SCV x2  
  58  4:40  Supply Depot  
  58  4:45  Terran Infantry Weapons Level 1, Supply Depot  
  58  4:54  Marine x2  
  58  4:55  Marine  
  58  4:56  Marine  
  58  4:57  SCV x2  
  60  5:07  Factory Tech Lab  
  60  5:10  Supply Depot x2, Medivac  
  60  5:12  SCV x2  
  64  5:14  Marine, Refinery, Medivac  
  64  5:15  Marine  
  64  5:17  Marine  
  64  5:19  Marine  
  70  5:23  Supply Depot  
  70  5:24  Missile Turret  
  70  5:30  Missile Turret  
  70  5:32  Concussive Shells  
  70  5:33  SCV x2  
  72  5:36  Marine x3  
  72  5:37  Marine  
  72  5:41  Medivac  
  78  5:44  Medivac  
  78  5:48  SCV x2  
  82  5:52  Supply Depot  
  82  5:57  Marine x3  
  82  5:58  Marine  
  82  5:59  Cyclone  
  82  6:01  SCV  
  82  6:03  SCV  
  91  6:15  Marine x3  
  91  6:16  Marine  
  88  6:33  Marine x3  
  88  6:36  Marine  
  88  6:38  Cyclone  
  88  6:39  Medivac x2  
  96  6:50  SCV x2  
  96  6:51  Marine x3  
  96  6:54  Marine  
  100  7:02  SCV  
  100  7:07  SCV  
  102  7:08  Marine x2  
  102  7:09  Supply Depot, Marine  
  102  7:11  Supply Depot, Marine  
  102  7:12  Supply Depot  
  102  7:14  SCV  
  104  7:21  Cyclone  
  103  7:24  Medivac x2  
  103  7:26  Marine x2  
  103  7:27  Marauder  
  103  7:29  Marine  
  110  7:44  Terran Infantry Armor Level 1, Marine x2  
  110  7:46  Armory  
  110  7:47  Barracks  
  110  7:48  Marine, Barracks, Marauder  
  113  7:58  Command Center  
  113  8:02  Marine  
  108  8:06  Marauder, Marine  
  108  8:09  Marauder  
  103  8:20  Marine  
  103  8:24  Marine  
  105  8:28  Marauder  
  105  8:30  Marauder  
  105  8:33  SCV x2  
  111  8:37  Marine  
  112  8:42  Marine  
  113  8:49  Marauder  
  113  8:51  Barracks Tech Lab, Marine  
  113  8:52  Marauder  
  113  8:55  Marine  
  110  9:11  Marauder  
  110  9:13  Marauder  
  104  9:22  Command Center  
  102  9:26  SCV  
  102  9:27  SCV  
  102  9:30  Barracks Tech Lab, Engineering Bay  
  102  9:31  Marauder  
  102  9:32  Marauder  
  102  9:34  Marine  
  102  9:35  Marine  
  102  9:36  Marauder  
  102  9:37  Cyclone, Medivac x2  
  117  9:45  Orbital Command  
  114  9:53  Marauder x2  
  114  9:57  Marauder  
  100  10:16  Marauder x2, Marine x2  
  100  10:17  Marauder  
  100  10:18  Cyclone  
  100  10:19  Medivac x2  
  112  10:21  Marauder  
  105  10:36  Marine x2  
  105  10:37  Marauder x2  
  105  10:39  Marauder  
  115  10:43  Marauder  
  115  10:48  Orbital Command  
  115  10:59  Marauder x2  
  115  11:00  Marauder  
  115  11:04  Marauder  
  115  11:07  Command Center  
  115  11:08  Marine x2  

Tags
 
Add a new tag
Caveats
  • Supply blocks, unpowered buildings, or Contaminate may cause inaccurate times.
  • Supply counts are checked every 10 seconds.